AoeStats
← djraco

Oasis

508703998Analyzed
2v2 RM · 10d ago on Sep 23, 2026· 48m 48s· 4 players
Game mode
Random Map
Map size
Medium (4 player)
Population
200
Speed
Normal
Resources
Standard
Victory
Conquest
Starting age
Dark Age
Ending age
Imperial Age
RankedLock teamsTeams togetherTeam positionsShared explorationLock speedFull tech treeHidden civsTurbo modeCheats
Victory
Defeat
🇨🇴 Japanese · Colombia
690
+14
🇪🇸 Magyars · Spain
596
+18
🇪🇸 Byzantines · Spain
645
-16
🇪🇸 Goths · Spain
634
-16
Tinerneitor
1:12 Loom
16:34 Feudal Age
17:05 Town Watch
21:01 Wheelbarrow
20:53 Double-Bit Axe
33:41 Castle Age
33:55 Stone Mining
34:54 Hand Cart
34:40 Town Patrol
35:45 Stone Shaft Mining
35:08 Gold Mining
35:14 Gold Mining
35:39 Bow Saw
djraco
0:29 Loom
16:18 Feudal Age
17:37 Wheelbarrow
16:46 Horse Collar
17:03 Double-Bit Axe
18:51 Padded Archer Armor
18:42 Fletching
20:21 Gold Mining
30:53 Castle Age
30:55 Stone Mining
30:59 Crossbowman
31:45 Thumb Ring
33:04 Elite Skirmisher
34:03 Leather Archer Armor
34:30 Heavy Plow
36:42 Bow Saw
37:13 Bodkin Arrow
39:02 Fortified Wall
38:48 Murder Holes
39:44 Ballistics
39:37 Forging
40:33 Hand Cart
41:28 Scale Barding Armor
42:40 Stone Shaft Mining
44:16 Gold Shaft Mining
47:06 Imperial Age
45:14 Chain Barding Armor
45:30 Iron Casting
49:14 Conscription
49:30 Hoardings
Alexcol91
8:36 Loom
10:36 Feudal Age
13:00 Man-at-Arms
14:57 Double-Bit Axe
14:55 Horse Collar
18:54 Wheelbarrow
19:38 Forging
20:30 Scale Mail Armor
23:18 Castle Age
22:16 Arson
22:53 Town Watch
24:35 Bow Saw
24:28 Heavy Plow
27:20 Iron Casting
27:01 Chain Mail Armor
26:12 Long Swordsman
26:43 Elite Skirmisher
27:47 Gambesons
28:09 Squires
28:37 Gold Mining
30:04 Fletching
30:14 Padded Archer Armor
34:15 Hand Cart
43:51 Imperial Age
44:09 Leather Archer Armor
43:51 Bodkin Arrow
43:58 Capped Ram
44:56 Two-Handed Swordsman
46:39 Champion
yeffac68
13:00 Feudal Age
16:40 Wheelbarrow
16:43 Double-Bit Axe
19:07 Gold Mining
19:50 Horse Collar
24:01 Castle Age
23:37 Man-at-Arms
24:35 Long Swordsman
27:10 Heavy Plow
27:24 Bow Saw
41:03 Imperial Age
49:28 Hand Cart
Connection lost

Rejoining the realm…

Still unreachable

The connection could not be restored.

Session expired

The server has moved on; the page needs a fresh start.